Map: Bridgehead LE (Void)

Players

Carpath

  • Race: Zerg Zerg
  • League: Bronze

CunningStunt - Winner!

  • Race: Protoss Protoss
  • League: Gold

VOD

Have the link to the VOD?

Description

Time

  • Played on: Sept. 2, 2015, 1:10 a.m.
  • Length: 9:07
Show
View Real Time Build Order
Export as new Build Order

Carpath Zerg 

Build Orders: Pool First, Zergling Baneling 

Get SALT Encoding   

  12  0:00  Drone  
  13  0:22  Drone  
  14  0:29  Overlord  
  14  0:35  Spawning Pool  
  14  0:41  Drone  
  14  0:56  Extractor  
  13  0:57  Drone  
  13  0:58  Drone x2, Extractor  
  15  1:08  Drone  
  16  1:23  Queen  
  18  1:26  Zergling x2  
  18  1:31  Drone  
  20  1:51  Hatchery  
  20  1:53  Drone  
  20  1:58  Metabolic Boost  
  20  2:14  Zergling x2  
  20  2:15  Zergling x2  
  22  2:17  Overlord  
  22  2:47  Drone x2  
  22  2:48  Zergling x2  
  25  2:56  Baneling Nest  
  24  3:04  Zergling x2  
  24  3:05  Zergling x4  
  27  3:07  Queen  
  28  3:24  Zergling x2  
  28  3:25  Zergling x2  
  30  3:35  Zergling x6  
  30  3:36  Zergling x4  
  30  3:39  Overlord  
  35  3:51  Baneling x3  
  34  4:10  Baneling x3  
  33  4:27  Baneling x3  
  32  4:44  Baneling x2  
  32  4:45  Baneling  
  31  4:49  Lair  
  31  5:00  Drone  
  31  5:01  Drone x4, Roach Warren  
  31  5:02  Overlord  
  31  5:03  Overlord  
  26  5:23  Zergling x8  
  30  5:36  Zergling x6  
  30  5:37  Zergling x2  
  30  5:42  Roach x4  
  42  5:57  Roach x2  
  42  5:58  Roach  
  42  6:00  Overseer  
  48  6:15  Drone x2  
  48  6:16  Drone x2, Hydralisk Den  
  51  6:22  Roach  
  53  6:29  Pneumatized Carapace  
  52  6:47  Overlord x2  
  52  6:54  Glial Reconstitution  
  52  7:01  Overlord x2  
  52  7:02  Overlord  
  49  7:15  Hydralisk x3  
  51  7:16  Roach  
  57  7:40  Overlord x2  
  57  7:42  Drone x3  
  60  7:53  Roach x3  
  60  7:54  Roach  
  68  8:06  Zergling x8  
  70  8:19  Drone x3  
  74  8:47  Roach x2  
Show
View Real Time Build Order
Export as new Build Order

CunningStunt Protoss - Winner!

Build Orders: Nexus First 

Get SALT Encoding   

  12  0:01  Probe  
  13  0:13  Probe  
  14  0:20  Pylon  
  14  0:25  Probe  
  15  0:38  Probe  
  16  0:50  Probe  
  17  1:03  Probe  
  18  1:04  Nexus  
  18  1:15  Gateway  
  18  1:16  Probe  
  19  1:28  Probe  
  20  1:38  Pylon  
  20  1:40  Probe, Assimilator  
  20  1:41  Assimilator  
  21  1:53  Probe  
  21  2:06  Cybernetics Core  
  21  2:09  Probe  
  22  2:21  Probe, Gateway  
  23  2:23  Probe  
  24  2:32  Warp Gate  
  24  2:33  Probe  
  24  2:35  Probe  
  26  2:40  Pylon  
  26  2:43  Adept  
  28  2:48  Mothership Core  
  28  2:49  Probe  
  31  3:03  Gateway  
  31  3:05  Pylon  
  31  3:10  Adept  
  33  3:13  Adept  
  33  3:14  Probe  
  36  3:25  Probe  
  36  3:26  Twilight Council, Probe  
  38  3:31  Pylon  
  38  3:39  Stalker  
  40  3:42  Stalker  
  42  3:49  Probe x2  
  44  4:01  Probe x2  
  46  4:03  Forge  
  46  4:05  Blink  
  46  4:13  Probe x2  
  48  4:35  Gateway  
  48  4:37  Gateway  
  48  4:40  Gateway  
  48  4:42  Pylon  
  48  4:43  Stalker  
  48  4:44  Stalker  
  48  4:45  Stalker  
  54  4:50  Probe x2  
  56  4:55  Protoss Ground Weapons Level 1  
  56  5:02  Probe x2  
  58  5:08  Stalker x2  
  62  5:20  Stalker  
  62  5:28  Gateway  
  62  5:29  Gateway  
  62  5:32  Gateway  
  62  5:34  Gateway  
  62  5:35  Pylon  
  62  5:42  Stalker x2  
  62  5:48  Probe  
  67  5:59  Stalker x2  
  67  6:00  Stalker  
  73  6:12  Pylon  
  73  6:17  Nexus  
  73  6:23  Stalker x2  
  77  6:29  Pylon  
  77  6:30  Pylon  
  77  6:31  Stalker  
  79  6:32  Pylon  
  79  6:48  Stalker x2  
  83  6:56  Probe x2, Assimilator  
  83  6:58  Assimilator  
  85  7:23  Stalker x4  
  85  7:29  Probe x3  
  96  7:33  Pylon  
  96  7:35  Stalker, Pylon  
  98  7:38  Assimilator  
  98  7:41  Probe  
  99  7:48  Probe x2  
  101  7:52  Stalker x2  
  101  7:53  Probe  
  106  8:00  Probe  
  104  8:06  Zealot x2  
  104  8:08  Adept x4  
  104  8:09  Adept x2  
  118  8:37  Robotics Facility  
  118  8:38  Probe x2  
  118  8:39  Probe, Pylon  
  121  8:42  Pylon  
  121  8:45  Pylon  
  121  8:48  Pylon  
  121  8:50  Probe  
  121  8:51  Probe x2  
Tags
 
Add a new tag
Caveats
  • Supply blocks, unpowered buildings, or Contaminate may cause inaccurate times.
  • Supply counts are checked every 10 seconds.